 Dungeon Crawl Stone Soup version 0.29-a0-982-gaed3a0c8d8 (webtiles) character file.

Game seed: 2066205987435811252

320 MisterAzrael the Trooper (level 6, -2/56 HPs)
             Began as a Hill Orc Fighter on Aug 1, 2022.
             Was a Follower of Qazlal.
             Slain by an orc priest
             ... wielding a +0 war axe
              (4 damage)
             ... on level 4 of the Dungeon.
             The game lasted 00:02:22 (2671 turns).

MisterAzrael the Trooper (Hill Orc Fighter)         Turns: 2671, Time: 00:02:23

Health: -2/56      AC:  8    Str: 25    XL:     6   Next: 46%
Magic:  6/6        EV:  9    Int:  8    God:    Qazlal [*.....]
Gold:   213        SH:  8    Dex: 20    Spells: 5/5 levels left

rFire   + . .      SeeInvis .   a - +0 war axe
rCold   x . .      Faith    .   c - +0 buckler
rNeg    . . .      Spirit   .   b - +0 scale mail
rPois   +          Reflect  .   (no helmet)
rElec   .          Harm     .   (no cloak)
rCorr   .          Rampage  .   (no gloves)
Will    .....                   m - +0 pair of boots "Feleac Xiemn" {Str+4 Dex+10}
Stlth   ..........              (no amulet)
HPRegen 0.18/turn               n - ring of fire
MPRegen 0.10/turn               h - ring of poison resistance

@: no status effects
A: no striking features
a: Renounce Religion, Convert to Beogh


You were on level 4 of the Dungeon.
You worshipped Qazlal.
Qazlal was aware of your devotion.
You visited 1 branch of the dungeon, and saw 4 of its levels.

You collected 213 gold pieces.

Inventory:

Hand Weapons
 a - a +0 war axe (weapon)
Armour
 b - a +0 scale mail (worn)
 c - a +0 buckler (worn)
 m - the +0 pair of boots "Feleac Xiemn" (worn) {Str+4 Dex+10}
   (You found it on level 3 of the Dungeon)

   Str:       It affects your strength (+4).
   Dex:       It affects your dexterity (+10).
Jewellery
 h - a ring of poison resistance (right hand)
 n - a ring of fire (left hand)
Wands
 j - a wand of roots (5)
 t - a wand of charming (12)
Scrolls
 e - 2 scrolls of teleportation {unknown}
 f - 4 scrolls of butterflies {unknown}
 i - a scroll of fear {unknown}
 l - a scroll of magic mapping {unknown}
 o - 3 scrolls of identify {unknown}
 u - a scroll of silence {unknown}
Potions
 d - 2 potions of curing
 g - a potion of invisibility
 k - a potion of degeneration {unknown}
 p - a potion of lignification
 q - a potion of berserk rage
 r - a potion of cancellation
 s - a potion of haste {unknown}
 v - a potion of attraction {unknown}


   Skills:
 + Level 5.2 Fighting
 + Level 4.9 Axes
 + Level 4.7 Armour
 + Level 4.8 Shields


You had 5 spell levels left.
You didn't know any spells.
Your spell library contained the following spells:

 Spells                   Type           Power      Damage    Failure   Level
 Ensorcelled Hibernation  Hex/Ice        0%         N/A       88%         2
 Dazzling Flash           Conj/Hex       0%         N/A       98%         3
 Spider Form              Tmut/Pois      0%         N/A       98%         3
 Anguish                  Hex/Necr       0%         N/A       100%        4
 Agony                    Necr           0%         N/A       100%        5
 Silence                  Hex/Air        0%         N/A       100%        5


Dungeon Overview and Level Annotations

Branches:
Dungeon (4/15)
 Temple: D:4-7

Altars:
Cheibriados
Qazlal
Vehumet

Shops:
D:2 !


Message History

The hound is almost dead.
You block the hound's attack. The hound bites you but does no damage.
You closely miss the hound.
The hound is almost dead.
The orc priest looks satisfied for a moment.
The hound bites you but does no damage.
You barely miss the hound.
The hound is almost dead.
You block the hound's attack. The hound closely misses you.
The orc priest begins to cast a cantrip, but forgets the words!
The hound bites you but does no damage.
You hit the hound.
You kill the hound!
Qazlal accepts your kill.
The orc priest shouts, "Surrender to Beogh and we'll let you live!"
You hit the orc priest.
The orc priest is moderately wounded.
The orc priest shouts, "Surrender to Beogh and we'll let you live!"
The orc priest hits you with a +0 war axe.
* * * LOW HITPOINT WARNING * * *
The orc priest invokes the aid of Beogh against you.
Pain shoots through your body!
* * * LOW HITPOINT WARNING * * *
You barely miss the orc priest.
The orc priest is moderately wounded.
The orc priest barely misses you.
You slash the orc priest!
The orc priest is severely wounded.
The orc priest hits you with a +0 war axe.
* * * LOW HITPOINT WARNING * * *
You hit the orc priest but do no damage.
The orc priest threatens, "By the altar or by the axe, you will meet Beogh!"
The orc priest is severely wounded.
The orc priest casts a cantrip, but nothing happens.
The orc priest shouts, "Surrender to Beogh and we'll let you live!"
The orc priest hits you but does no damage.
You hit the orc priest but do no damage.
The orc priest is severely wounded.
The orc priest hits you with a +0 war axe.
You die...

#.# #.##....##.......#
#.####.###.#.######.###
#..>...# #.#........#
######## #.##########
#.# #.# #.# #.# #@# #o#
.o# ...# ..... ##....
..... ##.#.##


You could see 2 orc priests.

Vanquished Creatures
  Sigmund (D:3)
  A hound (D:4)
  Jessica (D:3)
  An orc wizard (D:3)
  2 worms
  2 dart slugs
  4 orcs
  5 endoplasms
  A giant cockroach (D:2)
  5 goblins
  4 hobgoblins
  3 jackals (D:2)
  5 kobolds
  3 quokkas
  11 ball pythons
  2 bats
  2 frilled lizards (D:1)
  5 rats
58 creatures vanquished.

Notes
Turn   | Place    | Note
-------+----------+-------------------------------------------
     0 | D:1      | MisterAzrael the Hill Orc Fighter began the quest for the
                  | Orb.
     0 | D:1      | Reached XP level 1. HP: 19/19 MP: 1/1
   243 | D:1      | You fall into a shaft and drop 1 floor!
   273 | D:2      | Reached XP level 2. HP: 19/27 MP: 2/2
   618 | D:2      | Reached skill level 4 in Fighting
   864 | D:2      | Reached XP level 3. HP: 32/33 MP: 3/3
   966 | D:2      | Found Cyimm's Distillery.
  1311 | D:1      | Found a faded altar of an unknown god.
  1322 | D:1      | Prayed at the altar of an unknown god.
  1322 | D:1      | Became a worshipper of Qazlal Stormbringer
  1322 | D:1      | Reached * piety under Qazlal
  1526 | D:3      | Identified the +0 pair of boots "Feleac Xiemn" {Str+4
                  | Dex+10}
  1605 | D:3      | Reached XP level 4. HP: 35/41 MP: 4/4
  1617 | D:3      | HP: 1/41 [orc/+0 trident (5)]
  2002 | D:3      | Found a radiant altar of Vehumet.
  2002 | D:3      | Noticed Sigmund
  2009 | D:3      | HP: 1/41 [constriction (4)]
  2010 | D:3      | Killed Sigmund
  2011 | D:3      | Reached skill level 5 in Fighting
  2011 | D:3      | Reached XP level 5. HP: 1/48 MP: 5/5
  2011 | D:3      | Reached XP level 6. HP: 1/56 MP: 6/6
  2017 | D:3      | Noticed Jessica
  2025 | D:3      | HP: 3/84 [Jessica/+0 club (3)]
  2026 | D:3      | Killed Jessica
  2452 | D:3      | Found a snail-covered altar of Cheibriados.
  2669 | D:4      | HP: 2/56 [orc priest/+0 war axe (6)]
  2671 | D:4      | Slain by an orc priest

Illustrated notes

Levels and vault maps discovered:
D:1:      sevenhm_arrival_forest_fort_large_4, layout_loops_ring,
          ebering_ecumenical_altar_box, minmay_misc_feat_diagonals
D:2:      layout_basic, serial_shops, shop
D:3:      layout_rooms, vehumet_crystals, chei_slow_surprise, uniq_jessica,
          uniq_sigmund
D:4:      layout_loops_corners

Skill      XL: |  1  2  3  4 |
---------------+-------------+-----
Axes           | 3 4 |  4.9
Fighting       | 4 5 |  5.2
Shields        | 4 |  4.8
Armour         | 4 |  4.7

Action                   |  1- 3 |  4- 6 || total
-------------------------+-------+-------++-------
Melee: War axe           |   103 |    59 ||   162
  Use: Potion            |       |     6 ||     6
Armor: Scale mail        |    42 |    19 ||    61
Dodge: Dodged            |    44 |    19 ||    63
Block: Buckler           |    26 |    20 ||    46

Table legend: (Time is in decaauts)
 A = Elapsed time spent in this place.
 B = Non-inter-level travel time spent in this place.
 C = Inter-level travel time spent in this place.
 D = Time resting spent in this place.
 E = Time spent auto-exploring this place.
 F = Levels seen in this place.
 G = Mean time per level.
                   A        B        C        D        E       F      G
               +--------+--------+--------+--------+--------+-----+--------+
         Total |   2738 |   2660 |     78 |    429 |   1792 |   4 |  684.5 |
       Dungeon |   2738 |   2660 |     78 |    429 |   1792 |   4 |  684.5 |
               +--------+--------+--------+--------+--------+-----+--------+

Top non-repeatable levels by time:
     D:3: 1013 daAuts
     D:2: 934 daAuts
     D:1: 618 daAuts
     D:4: 171 daAuts
